 Dungeon Crawl Stone Soup version 0.19.0 (webtiles) character file.

23 Franakus the Sneak (level 2, 0/13 HPs)
             Began as a Spriggan Enchanter on Nov 1, 2016.
             Slain by a goblin
             ... wielding a +0 dagger
              (5 damage)
             ... on level 2 of the Dungeon.
             The game lasted 00:14:58 (1605 turns).

Franakus the Sneak (Spriggan Enchanter)             Turns: 1605, Time: 00:14:59

Health: 0/13       AC:  3    Str:  4    XL:     2   Next: 75%
Magic:  6/6        EV: 18    Int: 16    God:
Gold:   72         SH:  0    Dex: 16    Spells: 1 memorised, 5 levels left

rFire  . . .     SeeInvis +     n - +0 whip (curse)
rCold  . . .     Gourm    .     j - +0 robe (curse)
rNeg   . . .     Faith    .     (shield restricted)
rPois  .         Spirit   .     (helmet restricted)
rElec  .         Reflect  .     m - +0 cloak
rCorr  .         Harm     .     (gloves unavailable)
MR     .....                    (boots unavailable)
Stlth  +++.......               (no amulet)
                                (no ring)
                                (no ring)

@: very quick
A: unfitting armour, see invisible, herbivore 3, speed 3, slow metabolism 2
a: no special abilities


You were on level 2 of the Dungeon.
You were not hungry.

You visited 1 branch of the dungeon, and saw 2 of its levels.

You collected 72 gold pieces.

Inventory:

Hand Weapons
 a - a +1 dagger
 n - a cursed +0 whip (weapon)
Missiles
 e - 54 stones (quivered)
Armour
 b - a +1 robe
 j - a cursed +0 robe (worn)
 m - a +0 cloak (worn)
Scrolls
 l - 2 scrolls of identify
 o - a scroll of teleportation
 p - a scroll of blinking
Potions
 f - 2 potions of lignification {unknown}
 g - 3 potions of berserk rage
 h - a potion of agility {unknown}
 i - a potion of haste {unknown}
 k - a potion of magic {unknown}
Books
 c - a book of Maledictions

   Spells                             Type                      Level
   a - Corona                         Hexes                        1
   b - Ensorcelled Hibernation        Hexes/Ice                    2
   c - Confuse                        Hexes                        3
   d - Tukima's Dance                 Hexes                        3
   e - Dazzling Spray                 Conjuration/Hexes            3
Comestibles
 d - a bread ration


   Skills:
 + Level 0.1 Fighting
 + Level 1.1 Short Blades
 - Level 0.1 Maces & Flails
 + Level 3.1 Dodging
 + Level 4.9 Stealth
 + Level 2.8 Spellcasting
 + Level 4.3 Hexes


You had 5 spell levels left.
You knew the following spells:

 Your Spells              Type           Power        Failure   Level  Hunger
a - Corona                Hex            ###....      3%          1    #......


Dungeon Overview and Level Annotations

Branches:
Dungeon (2/15)

Altars:
Ashenzari


Innate Abilities, Weirdness & Mutations

You are very small and have problems with some larger weapons.
You are too small for most types of armour.
You have supernaturally acute eyesight. (SInv)
You are a herbivore.
You cover ground extremely quickly.
You need consume almost no food.


Message History

e - 47 stones (gained 18)
You see here a club.
e - 49 stones (gained 2)
You see here a club.
The goblin shouts!
You see here a stone.
You see here 4 stones.
e - 53 stones (gained 4)
e - 54 stones (gained 1)
There are no items here.
A hobgoblin comes into view.
A goblin comes into view. It is wielding a dagger.
The helpless goblin fails to defend itself.
You hit the goblin.
The goblin is severely wounded.
The goblin barely misses you.
You barely miss the goblin.
The goblin is severely wounded.
The goblin hits you with a dagger.
You die...

... ..# ... #.# .# .. #.# #
.#... ## #.# #
####.###..##.###
...###.....@...#
._.#......g###.#
###...###....####.#####.
###.## ##.###..#..........#
#....#.#....####.##...#...g
....##.##...........#......
....#...#......#.#.###....
...##...##.....#.#..#......
...#g....#............ ....


You could see a goblin.

Vanquished Creatures
  A leopard gecko (D:2)
  A ball python (D:2)
  A bat (D:1)
  A giant cockroach (D:1)
  3 goblins
  3 hobgoblins (D:2)
  4 jackals (D:1)
  A kobold (D:2)
  4 rats
19 creatures vanquished.

Notes
Turn   | Place    | Note
-------+----------+-------------------------------------------
     0 | D:1      | Franakus the Spriggan Enchanter began the quest for the Orb.
     0 | D:1      | Reached XP level 1. HP: 9/9 MP: 5/5
   783 | D:1      | Reached XP level 2. HP: 11/13 MP: 6/6
  1408 | D:2      | Found a shattered altar of Ashenzari.
  1605 | D:2      | Slain by a goblin

Skill      XL: |  1 |
---------------+----+-----
Hexes          | 4 |  4.3
Fighting       | |  0.1
Short Blades   | |  1.1
Maces & Flails | |  0.1
Dodging        | |  3.1
Stealth        | |  4.9
Spellcasting   | |  2.8

Action                   || total
-------------------------++-------
Melee: Dagger            ||    25
       Whip              ||    55
Throw: Stone             ||    16
 Cast: Corona            ||    24
  Use: Scroll            ||     6
 Stab: Sleeping          ||     4
Armor: Robe              ||    14
Dodge: Dodged            ||    70
